 Dungeon Crawl Stone Soup version 0.28-a0-803-g74956062c1 (webtiles) character file.

Game seed: 4884402909774934219

38 BlueGoblin the Grave Robber (level 3, 0/24 HPs)
             Began as a Vampire Necromancer on Nov 7, 2021.
             Succumbed to an adder's poison
             ... on level 2 of the Dungeon.
             The game lasted 00:02:18 (1925 turns).

BlueGoblin the Grave Robber (Vampire Necromancer)   Turns: 1925, Time: 00:02:18

Health: 0/24       AC:  2    Str:  7    XL:     3   Next: 25%
Magic:  2/6        EV: 13    Int: 17    God:
Gold:   52         SH:  0    Dex: 15    Spells: 2/6 levels left

rFire   . . .      SeeInvis +   i - +2 short sword (venom)
rCold   . . .      Faith    .   (no shield)
rNeg    . . .      Spirit   .   a - +0 robe
rPois   .          Reflect  .   (no helmet)
rElec   .          Harm     .   (no cloak)
rCorr   .          Rampage  .   (no gloves)
Will    .....                   (no boots)
Stlth   ++........              (no amulet)
HPRegen 0.28/turn               (no ring)
MPRegen 0.10/turn               (no ring)

@: lethally poisoned (0 -> -1), attractive, healing quickly, hasted, very quick
A: alive, fangs 3, see invisible, vampiric 2
a: Exsanguinate


You were on level 2 of the Dungeon.
You visited 1 branch of the dungeon, and saw 2 of its levels.

You collected 52 gold pieces.

Inventory:

Hand Weapons
 e - a +0 short sword
 i - a +2 short sword of venom (weapon)
Armour
 a - a +0 robe (worn)
Jewellery
 g - a +6 ring of dexterity
Scrolls
 b - 3 scrolls of teleportation {unknown}
 c - a scroll of amnesia {unknown}
 d - a scroll of identify {unknown}


   Skills:
 + Level 4.1 Dodging
 - Level 3.0 Stealth
 - Level 2.0 Spellcasting
 + Level 4.3 Necromancy


You had 2 spell levels left.
You knew the following spells:

 Your Spells              Type           Power      Damage    Failure   Level
a - Pain                  Necr           64%        1d7       3%          1
b - Vampiric Draining     Necr           16%        2d7       10%         3

Your spell library contained the following spells:

 Spells                   Type           Power      Damage    Failure   Level
 Animate Skeleton         Necr           32%        N/A       3%          1
 Foxfire                  Conj/Fire      4%         2x1d4     19%         1
 Animate Dead             Necr           8%         N/A       32%         4
 Conjure Flame            Conj/Fire      1%         6-21      50%         3
 Inner Flame              Hex/Fire       1%         N/A       50%         3
 Agony                    Necr           16%        N/A       65%         5
 Flame Wave               Conj/Fire      1%         3d3       88%         4


Dungeon Overview and Level Annotations

Branches:
Dungeon (2/15)

Altars:
Zin


Innate Abilities, Weirdness & Mutations

Your natural rate of healing is accelerated.
You have razor-sharp teeth.
You have supernaturally acute eyesight. (SInv)
You are afflicted with vampirism and can become a bat while bloodless.


Message History

You finish memorising.
Spell assigned to 'b'.
Casting: Pain (safe; 3% risk of failure)
Confirm with . or Enter, or press ? or * to list all spells.
Okay, then.
Found a whip.
Found an escape hatch in the ceiling.
An adder comes into view.
An adder is nearby!
An adder is nearby!
An adder is nearby!
The adder hisses angrily.
The adder writhes in agony.
The adder barely resists.
The adder barely misses you.
The adder writhes in agony.
The adder bites you.
You are poisoned.
The adder poisons you!
The adder writhes in agony.
You feel sick. The adder bites you. The adder bites you but does no damage.
The adder barely resists.
You feel sick. The adder bites you.
You are lethally poisoned!
The adder poisons you!
It was a potion of haste.
You feel yourself speed up.
* * * LOW HITPOINT WARNING * * *
You feel sick. The adder misses you.
It was a potion of attraction.
You feel attractive to monsters.
* * * LOW HITPOINT WARNING * * *
You feel sick. The adder misses you.
* * * LOW HITPOINT WARNING * * *
You feel sick.
* * * LOW HITPOINT WARNING * * *
You feel sick.
* * * LOW HITPOINT WARNING * * *
You feel sick.
* * * LOW HITPOINT WARNING * * *
You feel sick.
* * * LOW HITPOINT WARNING * * *
You feel sick. The adder is attracted toward you.
* * * LOW HITPOINT WARNING * * *
You feel sick.
You die...

##.......##.###.###.###.#######.
##.....###.###.###.# #.# #.
##...## #.........# #.# #. ##'#
######.##### #.# #. ## ... .)#
#.# #.# #. ....#. #.# #.# #.# #.
#..#.# #<# #.# #.#######.
#.....###.# #.# #........†
#......##.####@# ######....
##.......§..S..# #####
#.#.####.###### #.######.#
#........# ##########


You could see an adder.

Vanquished Creatures
  An adder (D:2)
  6 endoplasms
  4 goblins
  4 hobgoblins
  A ball python (D:2)
  4 bats
  3 frilled lizards
  3 kobolds
  A rat (D:2)
27 creatures vanquished.

Notes
Turn   | Place    | Note
-------+----------+-------------------------------------------
     0 | D:1      | BlueGoblin the Vampire Necromancer began the quest for the
                  | Orb.
     0 | D:1      | Reached XP level 1. HP: 13/13 MP: 3/3
   587 | D:1      | Reached XP level 2. HP: 7/19 MP: 0/5
   912 | D:1      | Found a faded altar of an unknown god.
  1602 | D:2      | Gained mutation: You are afflicted with vampirism and can
                  | become a bat while bloodless. [Vampire growth]
  1602 | D:2      | Reached XP level 3. HP: 22/24 MP: 3/6
  1885 | D:2      | Learned a level 3 spell: Vampiric Draining
  1924 | D:2      | HP: 1/24 [poisoned by an adder]
  1925 | D:2      | Succumbed to an adder's poison

Illustrated notes

Levels and vault maps discovered:
D:1:      mrwooster_arrival_arrow, layout_basic,
          shapermc_ecumenical_altar_mp_ritualfount, minmay_tetromino_i4
D:2:      layout_loops_corners, basic_altar, hangedman_decor_clover_reticule,
          minmay_stone_trees_small

Skill      XL: |  1  2  3 |
---------------+----------+-----
Dodging        | 3 4 |  4.1
Stealth        | |  3.0
Spellcasting   | |  2.0
Necromancy     | |  4.3

Action                   || total
-------------------------++-------
Melee: Short sword       ||    15
 Cast: Pain              ||    45
  Use: Potion            ||     2
Armor: Robe              ||     6
Dodge: Dodged            ||    23

Table legend: (Time is in decaauts)
 A = Elapsed time spent in this place.
 B = Non-inter-level travel time spent in this place.
 C = Inter-level travel time spent in this place.
 D = Time resting spent in this place.
 E = Time spent auto-exploring this place.
 F = Levels seen in this place.
 G = Mean time per level.
                   A        B        C        D        E       F      G
               +--------+--------+--------+--------+--------+-----+--------+
         Total |   1923 |   1835 |     88 |     53 |   1563 |   2 |  961.5 |
       Dungeon |   1923 |   1835 |     88 |     53 |   1563 |   2 |  961.5 |
               +--------+--------+--------+--------+--------+-----+--------+

Top non-repeatable levels by time:
     D:1: 1132 daAuts
     D:2: 791 daAuts
